 Dungeon Crawl Stone Soup version 0.29-a0-464-g50448035db (webtiles) character file.

Game seed: 18021217273594817134

7324 Bruhh the Fighter (level 11, -14/123 HPs)
             Began as an Ogre Earth Elementalist on May 21, 2022.
             Was a Believer of Elyvilon.
             Demolished by a komodo dragon (21 damage)
             ... on level 8 of the Dungeon.
             The game lasted 00:18:08 (12993 turns).

Bruhh the Fighter (Ogre Earth Elementalist)        Turns: 12993, Time: 00:18:08

Health: -14/123    AC:  5    Str: 20    XL:     11   Next: 13%
Magic:  25/25      EV: 10    Int: 20    God:    Elyvilon [**....]
Gold:   358        SH:  0    Dex: 12    Spells: 26/30 levels left

rFire   . . .      SeeInvis .   j - +5 spear of Curiog {holy, Dex+3}
rCold   . . .      Faith    .   (no shield)
rNeg    . . .      Spirit   .   b - +0 robe
rPois   .          Reflect  .   (helmet restricted)
rElec   .          Harm     .   p - +1 cloak
rCorr   .          Rampage  .   (gloves unavailable)
Will    +....                   (boots unavailable)
Stlth   ++........              y - amulet of magic regeneration
HPRegen 0.30/turn               n - +4 ring of slaying
MPRegen 0.59/turn               A - +6 ring of strength

@: about to teleport, invisible
A: large, unfitting armour, tough skin 1
a: Renounce Religion, Purification, Heal Other


You were on level 8 of the Dungeon.
You worshipped Elyvilon.
Elyvilon was pleased with you.
You visited 3 branches of the dungeon, and saw 11 of its levels.
You also visited: Ossuary.

You collected 358 gold pieces.

Inventory:

Hand Weapons
 e - a +0 mace
 j - the +5 spear of Curiog (weapon) {holy, Dex+3}
   (You found it on level 2 of the Dungeon)

   It has been blessed by the Shining One to cause great damage to the undead
   and demons.
   Dex:       It affects your dexterity (+3).
 w - a +4 dagger of venom
Missiles
 a - 77 stones
 h - 3 large rocks
 i - 10 poisoned darts
Armour
 b - a +0 robe (worn)
 p - a +1 cloak (worn)
Jewellery
 f - a ring of positive energy
 n - a +4 ring of slaying (left hand)
 v - a ring of positive energy
 x - a ring of resist corrosion
 y - an amulet of magic regeneration (around neck)
 A - a +6 ring of strength (right hand)
 F - an amulet of the acrobat
 J - a ring of flight
Wands
 o - a wand of flame (10)
 E - a wand of acid (10)
 M - a wand of iceblast (9)
 R - a wand of mindburst (20)
Scrolls
 d - 2 scrolls of enchant armour
 k - a scroll of immolation
 q - 3 scrolls of vulnerability
 s - a scroll of teleportation
 t - 6 scrolls of noise
 u - 4 scrolls of identify
 B - 2 scrolls of magic mapping
 G - 3 scrolls of enchant weapon {unknown}
 H - 2 scrolls of fog {unknown}
 O - 2 scrolls of acquirement {unknown}
 P - a scroll of amnesia {unknown}
Potions
 c - 4 potions of magic
 g - 2 potions of cancellation {unknown}
 l - 2 potions of heal wounds {unknown}
 m - 5 potions of curing
 r - 3 potions of haste {unknown}
 z - a potion of resistance
 C - a potion of attraction {unknown}
 D - 2 potions of invisibility
 I - a potion of ambrosia {unknown}
 K - a potion of mutation {unknown}
 L - 3 potions of flight {unknown}
 N - a potion of might {unknown}
 Q - a potion of lignification {unknown}


   Skills:
 - Level 12.0 Fighting
 - Level 1.7 Dodging
 - Level 1.4 Stealth
 - Level 10.0 Spellcasting
 - Level 5.0 Conjurations
 - Level 0.8 Transmutations
 - Level 5.0 Earth Magic
 + Level 9.0 Invocations


You had 26 spell levels left.
You knew the following spells:

 Your Spells              Type           Power      Damage    Failure   Level
a - Sandblast             Erth           60%        2d14      1%          1
b - Stone Arrow           Conj/Erth      60%        3d10      2%          3

Your spell library contained the following spells:

 Spells                   Type           Power      Damage    Failure   Level
 Passwall                 Tmut/Erth      17%        N/A       3%          2
 Ensorcelled Hibernation  Hex/Ice        20%        N/A       11%         2
 Swiftness                Air            10%        N/A       21%         3
 Petrify                  Tmut/Erth      21%        N/A       21%         4


Dungeon Overview and Level Annotations

Branches:
Dungeon (9/15)             Temple (1/1) D:6            Lair (1/6) D:8
Ossuary (visited)
    Orc: D:9-12

Altars:
Ashenzari
Cheibriados
Dithmenos
Elyvilon
Fedhas
Gozag
Hepliaklqana
Kikubaaqudgha
Makhleb
Nemelex Xobeh
Okawaru
Qazlal
Ru
Sif Muna
Trog
Uskayaw
Wu Jian
Xom
Yredelemnul
Zin
The Shining One


Innate Abilities, Weirdness & Mutations

You are too large for most types of armour.
You have tough skin. (AC +1)


Message History

There is a staircase back to the Dungeon here.
There are monsters nearby!
There are monsters nearby!
There are monsters nearby!
The stone arrow hits the komodo dragon!
The komodo dragon is lightly wounded.
The komodo dragon hisses angrily.
The black bear growls angrily.
The stone arrow hits the komodo dragon!
The komodo dragon is heavily wounded.
The komodo dragon completely misses you.
The komodo dragon bites you. The komodo dragon closely misses you.
You climb upwards.
Welcome back to the Dungeon!
There is a staircase to the Lair here.
The komodo dragon attacks as you move away!
The komodo dragon closely misses you.
The komodo dragon attacks as you move away!
The komodo dragon bites you!! The komodo dragon bites you!
The komodo dragon hisses menacingly.
The komodo dragon bites you!
The komodo dragon attacks as you move away!
The komodo dragon closely misses you.
The komodo dragon attacks as you move away!
The komodo dragon barely misses you.
The komodo dragon attacks as you move away!
The komodo dragon bites you!
The komodo dragon attacks as you move away!
The komodo dragon bites you!
The komodo dragon attacks as you move away!
The komodo dragon bites you!!
* * * LOW HITPOINT WARNING * * *
Okay, then.
As you read the scroll of teleportation, it crumbles to dust.
You feel strangely unstable. The komodo dragon bites you!
* * * LOW HITPOINT WARNING * * *
The komodo dragon bites you!
* * * LOW HITPOINT WARNING * * *
It was a potion of invisibility.
You fade into invisibility!
The komodo dragon barely misses you. The komodo dragon bites you!!
You die...

....#######.#.##....####..[##.#..
............#.........)#....#.###
#.#'#########........#.#....#.#
##...## #..........##.....#
#.....## #.##....##..###.###
.......## ##.##....##......## #
........####...#....##..##...####
........'.......................'
..).....####...#@##...##.#...####
.......## ##..lll..#.##....## #
#.....## #..........###.###
##...## ##♣........♣.###.# ##'##
#.............##.# #.#
##.............##.# #.#
#............P....#
###.#####.................# ###
.......).....♣..>.......#.####.##


You could see 3 komodo dragons.

Vanquished Creatures
  2 two-headed ogres (D:8)
  A polar bear (D:8)
  4 wyverns (D:8)
  4 yaks (D:8)
  A steam dragon (D:8)
  5 water moccasins
  An orc warrior (D:8)
  6 ice beasts
  2 black bears
  2 sky beasts
  An ogre (D:5)
  A wolf (D:8)
  A centaur (D:8)
  2 phantoms
  A kobold brigand (D:6)
  A bullfrog (D:8)
  4 necrophages
  Blork the orc (D:5)
  11 scorpions
  4 wights (D:7)
  A killer bee (D:8)
  2 electric eels (D:8)
  2 howler monkeys (D:9)
  A centaur zombie (Ossuary)
  A wyvern simulacrum (D:8)
  4 hounds
  2 human zombies (Ossuary)
  An orc priest (D:5)
  A gnoll shaman (D:8)
  Jessica (D:2)
  7 iguanas
  8 orc wizards
  Natasha (twice) (D:2)
  4 scorpion zombies (Ossuary)
  3 mummies (Ossuary)
  Robin (D:2)
  3 gnolls (D:8)
  11 adders
  A white imp (D:8)
  2 ufetubi
  3 worms (D:3)
  31 orcs
  7 ball pythons
  4 bats
  13 endoplasms
  3 giant cockroaches
  19 goblins
  4 hobgoblins
  7 jackals
  19 kobolds
  6 quokkas
  4 frilled lizards
  A gnoll zombie (Ossuary)
  5 goblin zombies (Ossuary)
  3 hobgoblin zombies (Ossuary)
  4 kobold zombies (Ossuary)
  An orc zombie (Ossuary)
  3 rats
250 creatures vanquished.

Vanquished Creatures (others)
  2 bushes (D:8)
  4 fungi (D:8)
  24 plants (D:8)
30 creatures vanquished.

Grand Total: 280 creatures vanquished

Notes
Turn   | Place    | Note
-------+----------+-------------------------------------------
     0 | D:1      | Bruhh the Ogre Earth Elementalist began the quest for the
                  | Orb.
     0 | D:1      | Reached XP level 1. HP: 16/16 MP: 3/3
   446 | D:1      | Reached XP level 2. HP: 19/24 MP: 5/5
   784 | D:1      | Found a faded altar of an unknown god.
  1318 | D:2      | Reached XP level 3. HP: 28/31 MP: 5/7
  1914 | D:2      | Noticed Robin
  1925 | D:2      | Killed Robin
  1926 | D:2      | Reached XP level 4. HP: 26/39 MP: 2/9
  1931 | D:2      | Noticed Jessica
  1970 | D:2      | Killed Jessica
  1972 | D:2      | Identified the +5 spear of Curiog {holy, Dex+3}
  2166 | D:2      | Noticed Natasha
  2169 | D:2      | Killed Natasha
  2170 | D:2      | Reached XP level 5. HP: 41/45 MP: 8/11
  2242 | D:2      | Learned a level 3 spell: Stone Arrow
  2663 | D:2      | Noticed Natasha
  2669 | D:2      | Killed Natasha
  2883 | D:3      | Noticed a black bear
  2896 | D:3      | Killed a black bear
  2897 | D:3      | Reached skill level 5 in Spellcasting
  2897 | D:3      | Reached XP level 6. HP: 6/53 MP: 5/13
  2971 | D:3      | Reached skill level 5 in Earth Magic
  3595 | D:3      | Reached skill level 1 in Conjurations
  4653 | D:4      | Reached XP level 7. HP: 47/59 MP: 11/14
  4955 | D:5      | Entered Level 5 of the Dungeon
  5634 | D:5      | Reached skill level 5 in Conjurations
  5634 | D:5      | Reached skill level 2 in Fighting
  6218 | D:5      | Reached XP level 8. HP: 74/74 MP: 13/15
  6359 | D:5      | Reached skill level 3 in Fighting
  6620 | D:5      | Reached skill level 4 in Fighting
  6673 | D:5      | Reached skill level 5 in Fighting
  6764 | D:5      | Noticed Blork the orc
  6776 | D:5      | Killed Blork the orc
  6777 | D:5      | Reached skill level 6 in Fighting
  7285 | D:6      | Reached skill level 7 in Fighting
  7455 | D:6      | Reached skill level 8 in Fighting
  7466 | D:6      | Reached skill level 9 in Fighting
  7763 | D:6      | Reached XP level 9. HP: 100/100 MP: 14/16
  7845 | D:6      | Found a staircase to the Ecumenical Temple.
  7939 | Temple   | Entered the Ecumenical Temple
  8005 | Temple   | Became a worshipper of Elyvilon the Healer
  8314 | D:6      | You fall into a shaft and drop 3 floors!
  8350 | D:9      | Reached skill level 10 in Fighting
  8494 | D:8      | Reached * piety under Elyvilon
  8507 | D:8      | Reached skill level 11 in Fighting
  8846 | D:8      | Reached skill level 12 in Fighting
  8892 | D:8      | Found a staircase to the Lair.
  8896 | D:8      | Noticed a two-headed ogre
  8902 | D:8      | HP: 3/106 [two-headed ogre/+0 giant spiked club (17)]
  9581 | D:7      | Reached XP level 10. HP: 90/115 MP: 6/22
  9684 | D:7      | Found a sand-covered staircase.
  9689 | Ossuary  | Entered an ossuary
 10750 | D:6      | Reached skill level 10 in Spellcasting
 11099 | D:8      | Reached skill level 1 in Invocations
 11104 | D:8      | Killed a two-headed ogre
 11441 | D:8      | Reached skill level 5 in Invocations
 12228 | D:8      | Reached XP level 11. HP: 123/123 MP: 19/25
 12271 | D:8      | Noticed a two-headed ogre
 12291 | D:8      | HP: 2/123 [two-headed ogre/+0 giant club (21)]
 12291 | D:8      | Elyvilon protects you from harm!
 12292 | D:8      | Killed a two-headed ogre
 12817 | D:8      | Reached ** piety under Elyvilon
 12979 | Lair:1   | Entered Level 1 of the Lair of Beasts
 12992 | D:8      | HP: 6/123 [komodo dragon (14)]
 12993 | D:8      | Demolished by a komodo dragon

Illustrated notes

Levels and vault maps discovered:
D:1:      dpeg_arrival_tiny_b, layout_basic, shapermc_ecumenical_altar_ellora,
          minmay_pentomino_z2
D:2:      minmay_alternating_diamond, layout_loops_ring, uniq_natasha,
          uniq_jessica, uniq_robin
D:3:      layout_loops_corners
D:4:      layout_basic, minmay_starry_boxes
D:5:      layout_rooms, minmay_misc_feat_square, uniq_blork_the_orc
D:6:      layout_basic, temple_hall
D:7:      layout_basic, enter_ossuary_2
D:8:      layout_loops_corners, minmay_lair_entry_grove, serial_ice,
          serial_ice_h, serial_ice_j, serial_ice_d, serial_ice_f, minmay_bent
D:9:      layout_long_grid, minivault_25_ag
Temple:   kilobyte_greek_temple
Lair:1:   layout_cave_shapes, beast_lair_carwin_4, grunt_megastairs_2,
          serial_bayou_shore_a

Skill      XL: |  1  2  3  4  5  6  7  8  9 10 11 |
---------------+----------------------------------+-----
Earth Magic    | 3 4 5 |  5.0
Spellcasting   | 3 4 5 8 10 | 10.0
Conjurations   | 3 5 |  5.0
Fighting       | 2 9 12 | 12.0
Invocations    | 7 9 |  9.0
Dodging        | |  1.7
Stealth        | |  1.4
Transmutations | |  0.8

Action                   |  1- 3 |  4- 6 |  7- 9 | 10-12 || total
-------------------------+-------+-------+-------+-------++-------
Melee: Mace              |    92 |     9 |       |       ||   101
       Spear             |       |    45 |       |    76 ||   121
       Dagger            |       |    56 |    37 |     9 ||   102
       Punch             |       |     1 |       |     1 ||     2
 Cast: Sandblast         |    20 |    47 |   164 |    80 ||   311
       Stone Arrow       |       |       |    24 |    43 ||    67
  Use: Scroll            |     1 |       |     8 |     7 ||    16
       Potion            |       |       |     3 |     2 ||     5
 Stab: Sleeping          |     2 |     5 |       |       ||     7
       Distracted        |       |     1 |       |       ||     1
Armor: Robe              |    48 |    42 |    50 |    34 ||   174
Dodge: Dodged            |    57 |    58 |    87 |    80 ||   282

Table legend: (Time is in decaauts)
 A = Elapsed time spent in this place.
 B = Non-inter-level travel time spent in this place.
 C = Inter-level travel time spent in this place.
 D = Time resting spent in this place.
 E = Time spent auto-exploring this place.
 F = Levels seen in this place.
 G = Mean time per level.
                   A        B        C        D        E       F      G
               +--------+--------+--------+--------+--------+-----+--------+
         Total |  13048 |  12696 |    352 |   1227 |   9594 |  12 | 1087.3 |
       Dungeon |  12140 |  11795 |    345 |   1227 |   8910 |   9 | 1348.9 |
        Temple |    166 |    159 |      7 |      0 |    133 |   1 |  166.0 |
          Lair |      3 |      3 |      0 |      0 |      0 |   1 |    3.0 |
       Ossuary |    737 |    737 |      0 |      0 |    551 |   1 |  737.0 |
               +--------+--------+--------+--------+--------+-----+--------+

Top non-repeatable levels by time:
     D:8: 2893 daAuts
     D:4: 1943 daAuts
     D:2: 1468 daAuts
     D:3: 1362 daAuts
     D:1: 1331 daAuts
     D:6: 1326 daAuts
     D:5: 1020 daAuts
 Ossuary: 737 daAuts
     D:7: 664 daAuts
  Temple: 166 daAuts
     D:9: 128 daAuts
  Lair:1: 3 daAuts
